AoeStats
← [DDocs] ☣ Rapidler™ ☣

Arena

508706243Analyzed
4v4 RM · 9d ago on Sep 23, 2026· 50m 26s· 8 players
Game mode
Random Map
Map size
Large (8 player)
Population
200
Speed
Normal
Resources
Standard
Victory
Conquest
Starting age
Dark Age
Ending age
Imperial Age
RankedLock teamsTeams togetherTeam positionsShared explorationLock speedFull tech treeHidden civsTurbo modeCheats
Victory
Defeat
1578
+12
🇩🇪 Vikings · Germany
1558
+12
1464
+16
🇩🇪 Saxons · Germany
1435
+18
🇩🇪 Dravidians · Germany
1506
-15
🇦🇹 Varangians · Austria
1478
-15
🇫🇷 Goths · France
1477
-15
🇫🇷 Cumans · France
1432
-13
IRON MIKE
10:22 Feudal Age
11:19 Double-Bit Axe
14:09 Castle Age
16:00 Wheelbarrow
16:18 Bow Saw
20:48 Wheelbarrow
23:55 Scale Barding Armor
23:40 Loom
26:37 Imperial Age
24:12 Husbandry
24:23 Bloodlines
25:54 Chain Barding Armor
25:30 Horse Collar
27:05 Forging
26:47 Cavalier
28:39 Plate Barding Armor
29:42 Iron Casting
30:07 Conscription
29:15 Gothikon
30:04 Gold Mining
32:38 Blast Furnace
33:10 Vendel Legacy
34:58 Squires
34:43 Arson
38:13 Hand Cart
37:33 Elite Varangian Guard
39:43 Light Cavalry
40:37 Scale Mail Armor
42:30 Chain Mail Armor
45:00 Plate Mail Armor
44:35 Hussar
antorse31
4:49 Loom
9:49 Feudal Age
10:07 Man-at-Arms
10:36 Double-Bit Axe
14:09 Scale Mail Armor
14:28 Horse Collar
17:03 Wheelbarrow
20:07 Castle Age
18:27 Stone Mining
21:23 Bow Saw
21:14 Heavy Plow
23:00 Husbandry
24:30 Bloodlines
26:01 Town Watch
26:31 Hand Cart
33:55 Imperial Age
32:56 Chain Mail Armor
32:51 Forging
33:28 Fletching
33:01 Pikeman
33:41 Squires
35:04 Iron Casting
35:00 Conscription
34:58 Perfusion
34:29 Halberdier
39:11 Fletching
39:22 Padded Archer Armor
40:20 Bodkin Arrow
39:47 Elite Skirmisher
41:34 Two-Man Saw
41:07 Ballistics
41:48 Chemistry
41:14 Bracer
43:06 Leather Archer Armor
Mumulover
10:06 Feudal Age
13:38 Castle Age
12:16 Double-Bit Axe
12:19 Loom
13:32 Horse Collar
15:42 Town Watch
19:51 Fletching
20:42 Bodkin Arrow
25:45 Padded Archer Armor
27:53 Leather Archer Armor
28:08 Heavy Plow
31:06 Bow Saw
32:51 Wheelbarrow
34:23 Gold Mining
38:07 Imperial Age
37:51 Ballistics
38:54 Bracer
40:41 Thumb Ring
41:46 Ring Archer Armor
43:41 Chemistry
43:32 Elite Elephant Archer
43:43 Elite Elephant Archer
Janissaire808
6:15 Loom
8:43 Feudal Age
17:00 Double-Bit Axe
20:16 Fletching
21:37 Horse Collar
26:00 Castle Age
25:25 Bloodlines
26:15 Scale Barding Armor
29:42 Bow Saw
31:08 Heavy Plow
31:52 Gold Mining
32:44 Forging
33:38 Wheelbarrow
35:21 Chain Barding Armor
35:36 Iron Casting
40:34 Imperial Age
38:23 Hand Cart
38:37 Bodkin Arrow
[DDocs] Dr.Klappstuhl
8:23 Feudal Age
9:07 Double-Bit Axe
9:37 Horse Collar
21:51 Gold Mining
25:55 Stone Mining
35:09 Castle Age
33:56 Fletching
36:17 Bow Saw
36:09 Heavy Plow
36:30 Crossbowman
37:08 Fletching
37:41 Ballistics
39:57 Imperial Age
38:28 Gold Shaft Mining
37:54 Town Watch
39:11 Bodkin Arrow
40:08 Padded Archer Armor
40:13 Loom
40:58 Bracer
42:41 Chemistry
43:08 Leather Archer Armor
43:15 Arbalester
45:37 Town Patrol
46:37 Conscription
46:50 Bogsveigar
48:53 Two-Man Saw
[DDocs] Dr.Lehrstuhl
10:04 Feudal Age
13:57 Castle Age
12:12 Double-Bit Axe
12:36 Horse Collar
15:31 Bow Saw
16:31 Heavy Plow
16:51 Loom
21:05 Wheelbarrow
20:51 Loom
22:41 Stone Mining
22:43 Gold Mining
29:28 Imperial Age
27:02 Scale Mail Armor
27:13 Forging
26:26 Man-at-Arms
26:53 Gambesons
27:25 Long Swordsman
28:22 Chain Mail Armor
29:47 Iron Casting
30:42 Plate Mail Armor
30:51 Conscription
29:53 Two-Handed Swordsman
31:18 Crop Rotation
31:01 Padded Archer Armor
31:01 Champion
32:21 Pikeman
33:10 Halberdier
35:45 Squires
35:31 Arson
37:21 Hand Cart
37:39 Shield Wall
39:56 Town Watch
41:26 Hoardings
40:53 Fletching
41:19 Leather Archer Armor
41:45 Gold Shaft Mining
41:50 Ballistics
43:15 Onager
44:04 Scale Barding Armor
44:09 Bodkin Arrow
46:59 Bracer
48:31 Chemistry
[DDocs] ☣ Rapidler™ ☣
10:14 Feudal Age
14:55 Castle Age
13:47 Double-Bit Axe
17:15 Wheelbarrow
16:36 Fletching
20:19 Loom
21:39 Bodkin Arrow
22:35 Scale Barding Armor
23:49 Gold Mining
28:45 Imperial Age
28:20 Bow Saw
29:07 Bloodlines
32:15 Chain Barding Armor
32:57 Forging
34:51 Iron Casting
34:19 Husbandry
36:21 Conscription
36:04 Horse Collar
37:50 Blast Furnace
37:01 Elite Jarl
41:39 Vendel Legacy
45:12 Plate Barding Armor
[DDocs] Dr.Rollstuhl - Twitch
8:59 Feudal Age
12:22 Castle Age
11:50 Double-Bit Axe
11:45 Horse Collar
13:55 Fletching
16:07 Wheelbarrow
19:38 Loom
24:35 Padded Archer Armor
26:10 Hand Cart
26:03 Stone Mining
26:04 Gold Mining
26:25 Bow Saw
26:15 Heavy Plow
28:14 Leather Archer Armor
31:00 Imperial Age
31:47 Bloodlines
31:41 Husbandry
31:42 Town Watch
32:33 Conscription
33:21 Two-Man Saw
32:56 Ring Archer Armor
33:36 Chemistry
33:14 Bodkin Arrow
33:43 Scale Barding Armor
33:49 Forging
33:37 Elite Conquistador
36:31 Masonry
36:42 Ballistics
38:12 Bracer
41:34 Chain Barding Armor
41:49 Iron Casting
40:35 Light Cavalry
42:30 Coinage
42:59 Supremacy
43:38 Plate Barding Armor
42:45 Hussar
43:28 Cavalier
45:10 Blast Furnace
45:20 Paladin
Connection lost

Rejoining the realm…

Still unreachable

The connection could not be restored.

Session expired

The server has moved on; the page needs a fresh start.